 Dungeon Crawl Stone Soup version 0.26-a0-712-ga5a9c9c9d0 (webtiles) character file.

Game seed: 10318157862102081689

(classic levelgen) 343 EnegeticOcto the Chopper (level 6, 50/57 HPs)
             Began as a Deep Dwarf Fighter on Nov 4, 2020.
             Quit the game in the Ecumenical Temple.
             The game lasted 00:00:58 (1383 turns).

EnegeticOcto the Chopper (Deep Dwarf Fighter)       Turns: 1383, Time: 00:00:58

Health: 50/57      AC:  7    Str: 22    XL:     6   Next: 31%
Magic:  6/6        EV:  7    Int:  8    God:
Gold:   86         SH: 10    Dex: 12    Spells: 5/5 levels left

rFire    . . .     SeeInvis .   a - +0 war axe
rCold    . . .     Faith    .   c - +0 kite shield
rNeg     . . .     Spirit   .   b - +0 scale mail
rPois    .         Reflect  .   (no helmet)
rElec    .         Harm     .   (no cloak)
rCorr    .         Rampage  .   (no gloves)
MR       .....                  (no boots)
Stlth    ..........             (no amulet)
HPRegen  0.00/turn              (no ring)
MPRegen  0.10/turn              (no ring)

@: non-regenerating
A: damage resistance, heal wounds, sense surroundings 1, no regeneration
a: Heal Wounds


You were in the Ecumenical Temple.
You visited 2 branches of the dungeon, and saw 6 of its levels.

You collected 86 gold pieces.

Inventory:

Hand Weapons
 a - a +0 war axe (weapon)
Armour
 b - a +0 scale mail (worn)
 c - a +0 kite shield (worn)
Scrolls
 e - 2 scrolls of identify {unknown}
 f - a scroll of noise {unknown}
 g - a scroll of magic mapping {unknown}
 h - a scroll of amnesia {unknown}
 j - 2 scrolls of fear {unknown}
 k - 2 scrolls of teleportation {unknown}
Potions
 d - a potion of might {@q3}
 i - a potion of curing {unknown}
 l - a potion of mutation {unknown}
 m - a potion of degeneration {unknown}
 n - a potion of heal wounds {unknown}


   Skills:
 + Level 3.7 Fighting
 * Level 5.0 Axes
 + Level 4.5 Armour
 + Level 4.5 Shields


You had 5 spell levels left.
You didn't know any spells.
Your spell library was empty.

Dungeon Overview and Level Annotations

Branches:
Dungeon (5/15)             Temple (1/1) D:5

Altars:
Ashenzari
Dithmenos
Kikubaaqudgha
Nemelex Xobeh
Okawaru
Sif Muna
Uskayaw
Vehumet
Wu Jian
Yredelemnul
Zin

Annotations:
D:5 Blork the orc


Innate Abilities, Weirdness & Mutations

You are resistant to damage.
You can heal yourself by infusing magical energy.
You passively map a small area around you.
You do not regenerate.


Message History

The iguana bites you!
You closely miss the iguana. The iguana bites you.
You closely miss the iguana. You block the iguana's attack.
You slash the iguana!
The iguana is almost dead.
The iguana bites you! x2
You hit the iguana.
You kill the iguana!
No target in view!
No target in view!
No target in view!
No target in view!
No target in view!
No target in view!
No target in view!
You see here a trident.
You now have 86 gold pieces (gained 11).
A giant cockroach comes into view.
A giant cockroach is nearby!
You feel much better.
A giant cockroach is nearby!
You block the giant cockroach's attack.
You hit the giant cockroach but do no damage.
The giant cockroach bites you but does no damage.
You hit the giant cockroach.
The giant cockroach is moderately wounded.
The giant cockroach bites you but does no damage. x2
You closely miss the giant cockroach.
The giant cockroach is moderately wounded.
You block the giant cockroach's attack. x2
You slash the giant cockroach!
You kill the giant cockroach!
No target in view!
No target in view!
No target in view!
No target in view!
No target in view!
A leopard gecko zombie comes into view.
A leopard gecko zombie is nearby!
A leopard gecko zombie is nearby!
A worker ant comes into view.
Found a staircase to the Ecumenical Temple.
The leopard gecko zombie bites you but does no damage.
Found a silver wand.
You hit the leopard gecko zombie.
The leopard gecko zombie is lightly damaged.
The leopard gecko zombie bites you but does no damage. x2
You slash the leopard gecko zombie!
You destroy the leopard gecko zombie!
You slash the worker ant!
The worker ant is heavily wounded.
The worker ant closely misses you.
You slash the worker ant!
You kill the worker ant!
Your Axes skill increases to level 5!
No target in view!
No target in view!
No target in view!
No target in view!
No target in view!
No target in view!
No target in view!
No target in view!
No target in view!
No target in view!
No target in view!
No target in view!
No target in view!
No target in view!
Found a dagger.
Blork the orc comes into view.
He is wielding a +0 trident.
(D) Dungeon (T) Temple
Where to? (Enter - D:5, ? - help) Blork the orc is nearby!
Blork the orc hits you but does no damage.
There is a staircase to the Ecumenical Temple here.
Blork the orc barely misses you.
You climb downwards.
Welcome to the Ecumenical Temple!
There is a staircase back to the Dungeon here.
Found a sparkling altar of Nemelex Xobeh.
Found a radiant altar of Vehumet.
Found a glowing silver altar of Zin.
Found a shimmering blue altar of Sif Muna.
There is a glowing silver altar of Zin here.
Found an iron altar of Okawaru.
Found a shadowy altar of Dithmenos and a hide-covered altar of Uskayaw.
Found a broken altar of Ashenzari.
Found an ancient bone altar of Kikubaaqudgha.
Found a basalt altar of Yredelemnul.
Found an ornate altar of the Wu Jian Council.
Done exploring.
Done exploring.
Done exploring.
Done exploring.
Done exploring.
Search for what [? for help]? mak Can't find anything matching that.
Are you sure you want to abandon this character and quit the game? (Confirm with "yes".)
Okay, then.
Are you sure you want to abandon this character and quit the game? (Confirm with "yes".)

♣._...♣.....♣ ♣.....♣
♣...........♣ ♣......
♣♣......♣..♣♣♣ ♣♣♣..♣..
♣♣.♣♣......♣..♣♣♣..♣....
♣♣.♣♣♣♣♣♣♣♣♣♣♣♣...♣♣♣♣♣♣♣
♣♣.♣♣♣♣♣ ♣♣♣.....♣♣♣
♣♣......♣♣♣♣♣♣....<....♣♣♣♣
♣♣.._......♣...♣♣.....♣♣...♣
♣..........@♣♣♣♣♣♣...♣♣♣♣♣♣.
♣.....8.._..♣ ♣♣.♣♣ ♣.
♣...........♣ ♣♣♣.♣♣♣ ♣.
♣♣..._.....♣♣ ♣♣♣.....♣♣♣ ♣♣
♣♣♣.....♣♣♣ ♣♣....8....♣♣ ♣
♣♣♣♣♣♣.♣♣♣♣...........♣♣♣
♣♣..♣♣....._.....♣♣.
♣♣♣....8.....8....♣
♣♣♣♣.........♣♣♣♣


There were no monsters in sight!

Vanquished Creatures
  A centaur (D:5)
  A howler monkey (D:4)
  A bullfrog skeleton (D:4)
  An iguana (D:5)
  An orc wizard (D:4)
  2 worker ants
  4 gnolls (D:5)
  An adder (D:3)
  A white imp (D:5)
  An ooze (D:2)
  2 adder zombies
  4 orcs (D:4)
  4 bats
  3 giant cockroaches
  2 goblins
  3 hobgoblins (D:1)
  3 jackals (D:2)
  2 kobolds
  2 quokkas
  2 frilled lizards (D:4)
  A giant cockroach zombie (D:5)
  A leopard gecko zombie (D:5)
  A quokka skeleton (D:4)
  A rat (D:2)
45 creatures vanquished.

Notes
Turn   | Place    | Note
-------+----------+-------------------------------------------
     0 | D:1      | EnegeticOcto the Deep Dwarf Fighter began the quest for the
                  | Orb.
     0 | D:1      | Reached XP level 1. HP: 20/20 MP: 1/1
   290 | D:2      | Reached XP level 2. HP: 27/27 MP: 2/2
   377 | D:3      | Reached skill level 3 in Axes
   377 | D:3      | Reached XP level 3. HP: 29/33 MP: 3/3
   452 | D:4      | Reached XP level 4. HP: 26/42 MP: 4/4
   573 | D:5      | Entered Level 5 of the Dungeon
   573 | D:5      | Noticed a centaur
   892 | D:4      | Reached skill level 4 in Axes
   892 | D:4      | Reached XP level 5. HP: 37/49 MP: 5/5
  1149 | D:5      | Noticed a centaur
  1159 | D:5      | Killed a centaur
  1159 | D:5      | Reached XP level 6. HP: 46/57 MP: 6/6
  1258 | D:5      | Found a staircase to the Ecumenical Temple.
  1263 | D:5      | Reached skill level 5 in Axes
  1266 | D:5      | Noticed Blork the orc
  1271 | Temple   | Entered the Ecumenical Temple
  1383 | Temple   | Quit the game

Illustrated notes

Levels and vault maps discovered:
D:1:      onia_arrival_pyramid, layout_basic
D:2:      layout_basic, lemuel_crystal_altar, roderic_lattice_a,
          minmay_misc_feat_room, minmay_pentomino_u4, uniq_sigmund
D:3:      layout_loops_corners, grunt_ministairs_6, minmay_door_square
D:4:      layout_gridville
D:5:      layout_loops_cross, minmay_temple_entry_glass, uniq_blork_the_orc
Temple:   jpeg_temple_clearing

Skill      XL: |  1  2  3  4  5  6 |
---------------+-------------------+-----
Axes           | 3 4 5 |  5.0
Fighting       | 3 |  3.7
Armour         | 4 |  4.5
Shields        | 4 |  4.5

Action                   |  1- 3 |  4- 6 || total
-------------------------+-------+-------++-------
Melee: War axe           |    77 |    77 ||   154
 Abil: Heal Wounds       |       |     9 ||     9
Armor: Scale mail        |    45 |    39 ||    84
Dodge: Dodged            |    39 |    29 ||    68
Block: Kite shield       |    56 |    44 ||   100

Table legend: (Time is in decaauts)
 A = Elapsed time spent in this place.
 B = Non-inter-level travel time spent in this place.
 C = Inter-level travel time spent in this place.
 D = Time resting spent in this place.
 E = Time spent auto-exploring this place.
 F = Levels seen in this place.
 G = Mean time per level.
                   A        B        C        D        E       F      G
               +--------+--------+--------+--------+--------+-----+--------+
         Total |   1446 |   1381 |     65 |      0 |   1012 |   6 |  241.0 |
       Dungeon |   1334 |   1269 |     65 |      0 |    901 |   5 |  266.8 |
        Temple |    111 |    111 |      0 |      0 |    111 |   1 |  111.0 |
               +--------+--------+--------+--------+--------+-----+--------+

Top non-repeatable levels by time:
     D:4: 704 daAuts
     D:1: 291 daAuts
     D:5: 212 daAuts
  Temple: 111 daAuts
     D:2: 99 daAuts
     D:3: 27 daAuts
